 Dungeon Crawl Stone Soup version 0.28.0-53-g5a82cb258f (webtiles) character file.

Game seed: 4166795673470794098

538 SanguineChosen the Shield-Bearer (level 7, -5/43 HPs)
             Began as a Gargoyle Fighter on July 8, 2022.
             Splashed by a jelly's acid (8 damage)
             ... on level 4 of the Dungeon.
             The game lasted 00:12:38 (2929 turns).

SanguineChosen the Shield-Bearer (Gargoyle Fighter) Turns: 2929, Time: 00:12:38

Health: -5/43      AC:  0    Str: 21    XL:     7   Next: 26%
Magic:  7/7        EV: 10    Int:  9    God:
Gold:   102        SH:  5    Dex: 15    Spells: 6/6 levels left

rFire   . . .      SeeInvis .   e - +1 short sword (protect)
rCold   . . .      Faith    .   c - +0 buckler
rNeg    + . .      Spirit   .   b - +0 scale mail
rPois   ∞          Reflect  .   (helmet restricted)
rElec   +          Harm     .   (no cloak)
rCorr   .          Rampage  .   p - +1 pair of gloves
Will    .....                   (no boots)
Stlth   +.........              (no amulet)
HPRegen 0.14/turn               m - +6 ring of dexterity
MPRegen 0.10/turn               (no ring)

@: corroded
A: sickness immunity, AC +4, negative energy resistance 1, electricity
resistance, torment resistance 1, petrification resistance, horns 1, iridescent
scales 1, camouflage 1
a: no special abilities


You were on level 4 of the Dungeon.
You visited 1 branch of the dungeon, and saw 4 of its levels.

You collected 102 gold pieces.

Inventory:

Hand Weapons
 a - a +0 flail
 e - a +1 short sword of protection (weapon)
Missiles
 j - 3 poisoned darts (quivered)
Armour
 b - a +0 scale mail (worn)
 c - a +0 buckler (worn)
 o - a +0 helmet
 p - a +1 pair of gloves (worn)
Jewellery
 m - a +6 ring of dexterity (left hand)
Wands
 q - a wand of digging (6)
Scrolls
 f - 2 scrolls of identify {unknown}
 g - a scroll of enchant armour {unknown}
 i - a scroll of brand weapon {unknown}
 l - a scroll of teleportation {unknown}
 n - 2 scrolls of vulnerability {unknown}
Potions
 d - a potion of might
 h - a potion of flight {unknown}
 k - a potion of mutation


   Skills:
 + Level 4.0 Fighting
 + Level 3.6 Short Blades
 + Level 2.0 Maces & Flails
 + Level 5.0 Armour
 + Level 2.0 Dodging
 + Level 0.5 Stealth
 + Level 5.1 Shields


You had 6 spell levels left.
You didn't know any spells.
Your spell library was empty.

Dungeon Overview and Level Annotations

Branches:
Dungeon (4/15)
 Temple: D:4-7

Altars:
Gozag

Shops:
D:2 (

Annotations:
D:4 Blork the orc


Innate Abilities, Weirdness & Mutations

You are immune to sickness and miasma.
Your stone body is resilient. (AC +4)
You are immune to poison.
You resist negative energy. (rN+)
You are resistant to electric shocks. (rElec)
You are resistant to unholy torment.
You are immune to petrification.
You have a pair of small horns on your head.
You are partially covered in iridescent scales. (AC +2)
Your skin changes colour to match your surroundings (Stealth+).


Message History

The jelly closely misses you.
You hit the jelly but do no damage. The acid corrodes you!
Your hands burn!
The jelly is severely wounded.
The jelly hits you. The acid corrodes you!
You are splashed with acid!
* * * LOW HITPOINT WARNING * * *
You hit the jelly but do no damage. The acid corrodes you!
Your hands burn!
* * * LOW HITPOINT WARNING * * *
The jelly is severely wounded.
You block the jelly's attack.
You hit the jelly but do no damage.
Your hands burn!
* * * LOW HITPOINT WARNING * * *
The jelly is severely wounded.
The jelly closely misses you.
You barely miss the jelly.
The jelly is severely wounded.
It was a potion of mutation.
You feel extremely strange.
Iridescent scales grow over part of your body.
Your skin functions as natural camouflage.
A pair of horns grows on your head!
Your +0 helmet falls away!
You block the jelly's attack.
You hit the jelly but do no damage.
Your hands burn!
* * * LOW HITPOINT WARNING * * *
The jelly is severely wounded.
The jelly barely misses you. You block the jelly's attack.
The jelly barely misses you.
Found 6 poisoned darts.
You block the jelly's attack.
You see here 6 poisoned darts.
Found a stone staircase leading down.
The jelly barely misses you.
Found a pair of boots.
Found a stone staircase leading up.
Found a dagger.
Found a stone staircase leading up.
You block the jelly's attack. The jelly hits you.
* * * LOW HITPOINT WARNING * * *
The acid corrodes you!
You are splashed with acid!
You die...

#.### ## .##.......#
##.##. ... .........##
#..... ....
........##.###....#
#...##........#.##....##
.....#...........(.....#
.........)...##........#
.............##.#......#
.....<.@.....##.##.....#
.....#..J....##.##.....#
#...##.......##.........
# ..<.................##
.######...............
..........[.........#
........[...........#
....................#
#####...............#


You could see a jelly.

Vanquished Creatures
  Grinder (D:3)
  A necrophage (D:4)
  Jessica (D:2)
  Natasha (thrice) (D:2)
  Robin (D:2)
  6 adders
  4 dart slugs
  6 endoplasms
  3 giant cockroaches
  8 goblins
  7 hobgoblins
  4 jackals (D:2)
  5 kobolds
  6 quokkas
  8 ball pythons
  10 bats
  3 frilled lizards
  7 rats
84 creatures vanquished.

Notes
Turn   | Place    | Note
-------+----------+-------------------------------------------
     0 | D:1      | SanguineChosen the Gargoyle Fighter began the quest for the
                  | Orb.
     0 | D:1      | Reached XP level 1. HP: 14/14 MP: 1/1
    65 | D:1      | Reached XP level 2. HP: 15/19 MP: 2/2
   496 | D:1      | Reached XP level 3. HP: 23/23 MP: 3/3
   790 | D:2      | Noticed Natasha
   801 | D:2      | Killed Natasha
   802 | D:2      | Reached skill level 1 in Short Blades
   802 | D:2      | Reached XP level 4. HP: 21/28 MP: 4/4
   900 | D:2      | Found Episuj's Weapon Boutique.
  1019 | D:2      | Noticed Jessica
  1050 | D:2      | Killed Jessica
  1317 | D:2      | Noticed Natasha
  1341 | D:2      | Killed Natasha
  1342 | D:2      | Reached skill level 1 in Dodging
  1342 | D:2      | Reached XP level 5. HP: 13/33 MP: 5/5
  1545 | D:2      | Found a faded altar of an unknown god.
  1579 | D:2      | Noticed Robin
  1602 | D:2      | Killed Robin
  1793 | D:2      | Noticed Natasha
  1802 | D:2      | Killed Natasha
  2093 | D:3      | Noticed Grinder
  2096 | D:3      | Paralysed by Grinder for 4 turns
  2104 | D:3      | Paralysed by Grinder for 2 turns
  2120 | D:3      | Killed Grinder
  2121 | D:3      | Reached XP level 6. HP: 29/38 MP: 6/6
  2457 | D:3      | Reached XP level 7. HP: 37/43 MP: 7/7
  2785 | D:4      | Found an opulent altar of Gozag.
  2802 | D:4      | Noticed Blork the orc
  2882 | D:4      | Reached skill level 5 in Armour
  2882 | D:4      | Reached skill level 5 in Shields
  2895 | D:4      | Gained mutation: You are partially covered in iridescent
                  | scales. (AC +2) [potion of mutation]
  2895 | D:4      | Gained mutation: Your skin changes colour to match your
                  | surroundings (Stealth+). [potion of mutation]
  2895 | D:4      | Gained mutation: You have a pair of small horns on your
                  | head. [potion of mutation]
  2896 | D:4      | HP: 1/43 [acid (3)]
  2929 | D:4      | Splashed by a jelly's acid

Illustrated notes

Levels and vault maps discovered:
D:1:      dpeg_arrival_tiny_f, layout_basic, st_stairs_14
D:2:      layout_basic, serial_shops, nicolae_shop_bloodbath_and_beyond,
          hellmonk_ecumenical_altar_arch_garden, uniq_natasha, uniq_robin,
          uniq_jessica
D:3:      layout_rooms, uniq_grinder
D:4:      layout_rooms, mainiacjoe_overflow_concentric_impassable,
          nicolae_hepliaklqana_hazy_memory, yredelemnul_forgotten_temple_becter,
          minmay_temple_entry_statues_fountains, uniq_crazy_yiuf_cottage,
          uniq_blork_the_orc

Skill      XL: |  1  2  3  4  5  6  7 |
---------------+----------------------+-----
Armour         | 4 5 |  5.0
Short Blades   | 1 3 |  3.6
Shields        | 4 5 |  5.1
Dodging        | 1 2 |  2.0
Fighting       | 4 |  4.0
Maces & Flails | |  2.0
Stealth        | |  0.5

Action                   |  1- 3 |  4- 6 |  7- 9 || total
-------------------------+-------+-------+-------++-------
Melee: Short sword       |   109 |   214 |    59 ||   382
  Use: Potion            |       |     4 |     1 ||     5
Armor: Scale mail        |    85 |   224 |    32 ||   341
Dodge: Dodged            |    54 |   177 |    37 ||   268
Block: Buckler           |    27 |    93 |    24 ||   144
